 Dungeon Crawl Stone Soup version 0.17.0-56-gd8de76c (webtiles) character file.

529 Peloso the Shield-Bearer (level 7, -1/61 HPs)
             Began as a Minotaur Fighter on Dec 5, 2015.
             Was a Follower of Okawaru.
             Slain by a slave (6 damage)
             ... led by Pikel
             ... on level 5 of the Dungeon.
             The game lasted 00:13:42 (2964 turns).

Peloso the Shield-Bearer (Minotaur Fighter)         Turns: 2964, Time: 00:13:42

Health: -1/61      AC: 10    Str: 26    XL:     7   Next: 3%
Magic:  6/6        EV:  9    Int:  5    God:    Okawaru [*.....]
Gold:   209        SH: 11    Dex: 11    Spells: 0 memorised, 6 levels left

rFire  . . .     SeeInvis .     a - +0 long sword
rCold  . . .     Clarity  .     b - +0 scale mail
rNeg   . . .     SustAt   .     c - +0 shield
rPois  .         Gourm    .     (helmet restricted)
rElec  .         Spirit   .     (no cloak)
rCorr  .         Warding  .     o - +1 pair of gloves
rMut   .         Stasis   .     w - +0 pair of boots
MR     +....                    (no amulet)
Stlth  ..........               (no ring)
                                k - ring of protection from magic

@: mighty, somewhat resistant to hostile enchantments, extremely unstealthy
A: retaliatory headbutt, horns 2
a: Heroism, Renounce Religion


You were on level 5 of the Dungeon.
You worshipped Okawaru.
Okawaru was aware of your devotion.
You were not hungry.

You visited 1 branch of the dungeon, and saw 5 of its levels.

You collected 209 gold pieces.

Inventory:

Hand Weapons
 a - a +0 long sword (weapon)
 g - a cursed -3 war axe
 u - a +1 hand axe of chopping
Armour
 b - a +0 scale mail (worn)
 c - a +0 shield (worn)
 o - a +1 pair of gloves (worn)
 w - a +0 pair of boots (worn)
Jewellery
 k - a ring of protection from magic (left hand)
Scrolls
 j - a scroll of remove curse
 p - 2 scrolls of teleportation
 t - a scroll of enchant armour
 v - a scroll of recharging
 x - a scroll of random uselessness {unknown}
Potions
 d - a potion of might
 f - 2 potions of curing
 h - a potion of resistance
 i - 2 potions of magic
 l - a potion of haste {unknown}
 q - a potion of cancellation
 r - a potion of lignification {unknown}
Comestibles
 e - 4 bread rations
 m - 2 meat rations
 n - 3 fruits
 s - a slice of pizza
 z - 6 chunks of flesh


   Skills:
 + Level 5.2 Fighting
 + Level 4.4 Long Blades
 + Level 4.9 Armour
 + Level 2.5 Dodging
 + Level 0.8 Stealth
 + Level 6.2 Shields


You had 6 spell levels left.
You didn't know any spells.

Dungeon Overview and Level Annotations

Branches:
Dungeon (5/15)
 Temple: D:4-7

Altars:
Elyvilon
Makhleb
Nemelex Xobeh
Okawaru
Qazlal
Ru
Sif Muna

Shops:
D:5 !

Annotations:
D:5 Pikel


Innate Abilities, Weirdness & Mutations

You reflexively headbutt those who attack you in melee.
You have a pair of horns on your head.


Message History

Pikel is heavily wounded.
You block the slave's attack. The slave closely misses you.
You furiously retaliate!
You headbutt the slave!! You block the slave's attack.
The adder barely misses you. You furiously retaliate!
You headbutt the adder. Pikel closely misses you.
The slave hits you but does no damage. The slave hits you but does no damage.
You block the slave's attack. The adder bites you but does no damage.
The slave hits you but does no damage.
You closely miss Pikel.
Pikel is heavily wounded.
Pikel hits you with a whip of flaming.
* * * LOW HITPOINT WARNING * * *
Pikel burns you.
* * * LOW HITPOINT WARNING * * *
The adder closely misses you. You block the slave's attack. The slave hits you.
* * * LOW HITPOINT WARNING * * *
The slave hits you but does no damage. x2
You closely miss Pikel. Your headbutt misses Pikel.
Pikel is heavily wounded.
You block the adder's attack. You block Pikel's attack. The slave hits you.
You die...

#.......#
#.......# .
#.......#
..#####.......#
..............#
..........>...#
......pp......#
......K@S.....#
####
......pp).....#
#...
##............#
#...
#............#
#...
#............#
+...
#............#
#..
#............#
#..
#............#
#..
#............#
#..


You could see Pikel, 4 slaves and an adder.

Vanquished Creatures
  Edmund (D:4)
  A centaur (D:5)
  An orc wizard (D:4)
  2 hounds (D:5)
  An orc priest (D:5)
  4 worker ants
  A hound zombie (D:5)
  2 adders (D:3)
  2 worms (D:2)
  9 orcs
  5 goblins
  5 hobgoblins
  9 jackals
  10 kobolds
  A ball python (D:2)
  10 bats
  3 giant cockroaches
  3 giant geckos
  5 giant newts
  7 rats
82 creatures vanquished.

Notes
Turn   | Place    | Note
--------------------------------------------------------------
     0 | D:1      | Peloso the Minotaur Fighter began the quest for the Orb.
     0 | D:1      | Reached XP level 1. HP: 19/19 MP: 0/0
   211 | D:1      | Reached XP level 2. HP: 25/27 MP: 1/1
   219 | D:1      | Reached skill level 4 in Fighting
   666 | D:2      | Found a sparkling altar of Nemelex Xobeh.
   677 | D:2      | Reached XP level 3. HP: 29/33 MP: 2/2
  1099 | D:3      | Found an iron altar of Okawaru.
  1101 | D:3      | Found a stormy altar of Qazlal.
  1108 | D:3      | Found a white marble altar of Elyvilon.
  1118 | D:3      | Became a worshipper of Warmaster Okawaru
  1319 | D:3      | Reached XP level 4. HP: 36/40 MP: 3/3
  1499 | D:3      | Found a deep blue altar of Sif Muna.
  1749 | D:3      | Reached skill level 1 in Dodging
  1978 | D:4      | Noticed Edmund
  1992 | D:4      | Killed Edmund
  1992 | D:4      | Reached skill level 5 in Shields
  1992 | D:4      | Reached XP level 5. HP: 42/47 MP: 4/4
  2081 | D:4      | Reached * piety under Okawaru
  2081 | D:4      | Reached XP level 6. HP: 45/53 MP: 5/5
  2383 | D:4      | Found a sacrificial altar of Ru.
  2452 | D:4      | Found a burning altar of Makhleb.
  2570 | D:5      | Entered Level 5 of the Dungeon
  2607 | D:5      | Found Equsyz's Distillery.
  2615 | D:5      | Reached skill level 6 in Shields
  2844 | D:5      | Reached skill level 5 in Fighting
  2917 | D:5      | Reached XP level 7. HP: 50/61 MP: 6/6
  2948 | D:5      | Noticed Pikel
  2957 | D:5      | HP: 3/61 [slave[Pikel] (4)]
  2964 | D:5      | Slain by a slave

Action                   |  1- 3 |  4- 6 |  7- 9 || total
-------------------------+-------+-------+-------++-------
Melee: Long sword        |   102 |   123 |    11 ||   236
  Use: Scroll            |     3 |    12 |       ||    15
       Potion            |       |     1 |     5 ||     6
  Eat: Chunk             |     1 |     6 |       ||     7
